 Dungeon Crawl Stone Soup version 0.30-a0-586-g23e55c9e0a (webtiles) character file.

Game seed: 4302684865454816765

3081 Shayle the Grave Robber (level 9, -9/72 HPs)
             Began as a Demonspawn Reaver on Jan 3, 2023.
             Was an Initiate of Ashenzari.
             Mangled by Prince Ribbit (15 damage)
             ... in a bailey.
             The game lasted 00:13:55 (5872 turns).

Shayle the Grave Robber (Demonspawn Reaver)         Turns: 5872, Time: 00:13:55

Health: -9/72      AC:  4    Str: 14    XL:     9   Next: 58%
Magic:  4/12       EV: 18    Int: 24    God:    Ashenzari [......]
Gold:   234        SH:  0    Dex: 11    Spells: 8/12 levels left

rFire   . . .      SeeInvis .    v - +4 spear (venom)
rCold   . . .      Faith    .    (no shield)
rNeg    . . .      Spirit   .    b - +1 leather armour
rPois   .          Reflect  .    (no helmet)
rElec   .          Harm     .    (no cloak)
rCorr   .          Rampage  .    (gloves unavailable)
Will    .....                    (no boots)
Stlth   +                        (no amulet)
HPRegen 0.32/turn                d - +6 ring of intelligence
MPRegen 0.13/turn                x - +5 ring of evasion

@: no status effects
A: spiny 1, demonic magic 2, demonic touch 3
a: Renounce Religion


You were in a bailey.
You worshipped Ashenzari.
Ashenzari was noncommittal.
You visited 2 branches of the dungeon, and saw 8 of its levels.
You also visited: Bailey.

You collected 288 gold pieces.
You spent 54 gold pieces at shops.

Inventory:

Hand Weapons
 q - a +1 heavy trident
 v - a +4 spear of venom (weapon)
Armour
 b - a +1 leather armour (worn)
 r - an orb of guile
 t - a +1 helmet
Jewellery
 d - a +6 ring of intelligence (left hand)
 e - a ring of willpower
 s - a ring of positive energy
 x - a +5 ring of evasion (right hand)
Wands
 a - a wand of digging (10)
Scrolls
 k - 4 scrolls of poison
 m - a scroll of identify
 n - a scroll of immolation
 o - a scroll of fear {unknown}
Potions
 c - a potion of curing
 f - 2 potions of brilliance
 h - a potion of resistance
 i - a potion of might {unknown}
 j - a potion of mutation
 l - 2 potions of lignification
 p - a potion of degeneration
 u - a potion of attraction


   Skills:
 + Level 7.0 Fighting
 - Level 2.6 Polearms
 + Level 6.4 Dodging
 - Level 2.0 Spellcasting
 - Level 3.0 Conjurations
 + Level 7.2 Necromancy
 + Level 6.0 Earth Magic


You had 8 spell levels left.
You knew the following spells:

 Your Spells              Type           Power      Damage    Failure   Level
a - Kiss of Death         Conj/Necr      100%       2d13      1%          1
b - Hailstorm             Conj/Ice       9%         3d4       24%         3

Your spell library contained the following spells:

 Spells                   Type           Power      Damage    Failure   Level
 Dispel Undead            Necr           37%        3d15      8%          4
 Momentum Strike          Conj/Tloc      18%        3d8       12%         2
 Lee's Rapid Deconstruct  Erth           15%        3d10*     34%         5
 Confusing Touch          Hex            2%         N/A       41%         3
 Kindle Blastsparks       Fire/Tloc/Air  4%         2d10      41%         3
 Fulminant Prism          Conj/Hex       4%         3d5       63%         4
 Iskenderun's Mystic Bla  Conj/Tloc      9%         2d4       63%         4


Dungeon Overview and Level Annotations

Branches:
Dungeon (7/15)             Temple (1/1) D:4          Bailey (1/1)

Altars:
Ashenzari
Dithmenos
Fedhas
Gozag
Hepliaklqana
Kikubaaqudgha
Nemelex Xobeh
Okawaru
Qazlal
Sif Muna
Trog
Uskayaw
Vehumet

Shops:
D:2 [*((   D:7 :

Annotations:
D:3 2 transporters, HyperVT's ghost, amateur TeGl Bailey Prince Ribbit


Innate Abilities, Weirdness & Mutations

You are partially covered in sharp spines.
Spells you cast may paralyse nearby enemies.
Your touch may irresistibly damage your foes and sap their willpower.


Message History

Your life force feels restored.
Your Dodging skill increases to level 6!
Your Necromancy skill increases to level 7!
You barely miss the human.
You touch the human!!
You kill the human!
You closely miss the orc.
You touch the orc.
You kill the orc!
You barely miss the human.
You touch the human!
You sap its willpower!
The human is moderately wounded.
You hit the human but do no damage.
The human is poisoned.
The human is moderately wounded.
The human is struck by your spines.
The human hits you with a +1 heavy hand axe.
* * * LOW HITPOINT WARNING * * *
You hit the human.
The human looks as sick as possible!
The human is severely wounded.
The human barely misses you.
You puncture the human!
You kill the human!
Your Fighting skill increases to level 7!
Your Earth Magic skill increases to level 6!
Prince Ribbit is no longer paralysed.
Prince Ribbit lets out a mournful croak.
Prince Ribbit misses you. Prince Ribbit is struck by your spines.
Prince Ribbit hits you!
* * * LOW HITPOINT WARNING * * *
Your magical contamination has completely faded away.
There is an open door here.
Items here: )))) [[[[ ††††.
You barely miss Prince Ribbit.
Prince Ribbit is lightly wounded.
Prince Ribbit misses you.
Okay, then.
Okay, then.
You feel better. Prince Ribbit hits you.
* * * LOW HITPOINT WARNING * * *
You closely miss Prince Ribbit.
Prince Ribbit is lightly wounded.
Prince Ribbit hits you!
You die...

#########
##....#≈≈####≈≈
##....†#~~≈≈≈≈~~
#...#.)@..~~~~..
#...#..#F.......
#..##..#≈≈≈~...~
#...#######≈~~~.
#####.......# ≈~~~~
##...##......# ~~~~
#..∩..'....#'## ~~~
#....)######..###≈≈≈
#..∩..†~~~##....###


You could see Prince Ribbit.

Vanquished Creatures
  A vault guard (Bailey)
  3 humans (Bailey)
  2 water moccasins (D:5)
  An ice beast (D:6)
  4 ogres
  2 phantoms
  9 bullfrogs
  4 necrophages
  2 scorpions (D:5)
  A hound (D:5)
  An orc priest (D:6)
  A jelly (D:4)
  2 iguanas
  2 gnolls (Bailey)
  6 adders
  A shadow imp (D:5)
  A white imp (D:5)
  2 worms
  A dart slug (D:2)
  29 orcs
  7 endoplasms
  3 giant cockroaches
  9 hobgoblins
  7 jackals
  8 kobolds
  3 quokkas
  6 ball pythons
  4 bats (D:2)
  3 frilled lizards
  8 goblins
  4 rats
137 creatures vanquished.

Notes
Turn   | Place    | Note
-------+----------+-------------------------------------------
     0 | D:1      | Shayle the Demonspawn Reaver began the quest for the Orb.
     0 | D:1      | Reached XP level 1. HP: 16/16 MP: 3/3
   373 | D:1      | Gained mutation: Your touch may inflict minor irresistible
                  | damage on your foes. [demonic ancestry]
   373 | D:1      | Reached XP level 2. HP: 22/22 MP: 5/5
   627 | D:2      | Reached skill level 1 in Necromancy
   702 | D:2      | Found Zeewic's Assorted Antiques.
   707 | D:2      | Bought a scroll labelled BACIAG MUIP for 27 gold pieces
   732 | D:2      | Reached skill level 1 in Earth Magic
   826 | D:2      | Gained mutation: Spells you cast may paralyse adjacent
                  | enemies. [demonic ancestry]
   826 | D:2      | Reached XP level 3. HP: 27/28 MP: 6/6
  1009 | D:2      | Found Jaelyug's Weapon Emporium.
  1097 | D:2      | Found Nettyziz's Weapon Shoppe.
  1267 | D:2      | Gained mutation: Spells you cast may paralyse nearby
                  | enemies. [demonic ancestry]
  1267 | D:2      | Reached XP level 4. HP: 31/32 MP: 7/7
  1284 | D:2      | Learned a level 3 spell: Hailstorm
  1463 | D:2      | Found Rynyenia's Antique Armour Shoppe.
  2283 | D:3      | Found a transporter.
  2284 | D:3      | Found a transporter.
  2285 | D:3      | Noticed HyperVT's ghost (amateur TeGl)
  2287 | D:3      | Identified the +7 giant spiked club of Prudence {heavy,
                  | rPois}
  2287 | D:3      | Noticed an ogre
  2290 | D:3      | Noticed an ogre
  2753 | D:4      | Gained mutation: You are partially covered in sharp spines.
                  | [demonic ancestry]
  2753 | D:4      | Reached XP level 5. HP: 41/41 MP: 8/8
  2833 | D:4      | Found a staircase to the Ecumenical Temple.
  2850 | Temple   | Entered the Ecumenical Temple
  3481 | D:5      | Entered Level 5 of the Dungeon
  3501 | D:5      | Noticed a phantom
  3512 | D:5      | Killed a phantom
  3513 | D:5      | Reached XP level 6. HP: 45/47 MP: 9/9
  3817 | D:5      | Gained mutation: Your touch may inflict irresistible damage
                  | on your foes. [demonic ancestry]
  3817 | D:5      | Reached XP level 7. HP: 32/54 MP: 10/10
  4390 | D:2      | Bought a scroll labelled RIELAO ECKOL for 27 gold pieces
  4663 | D:6      | Reached skill level 5 in Fighting
  4663 | D:6      | Gained mutation: Your touch may irresistibly damage your
                  | foes and sap their willpower. [demonic ancestry]
  4663 | D:6      | Reached XP level 8. HP: 39/62 MP: 11/11
  4815 | D:6      | Reached skill level 5 in Necromancy
  4969 | D:6      | Found an opulent altar of Gozag.
  5007 | D:6      | Reached skill level 5 in Dodging
  5183 | D:6      | Found a broken altar of Ashenzari.
  5220 | D:6      | Became a worshipper of Ashenzari the Shackled
  5311 | D:6      | Found a sparkling altar of Nemelex Xobeh.
  5322 | D:6      | Found an iron altar of Okawaru.
  5563 | D:7      | Found Pouhodif's Vocational Training.
  5585 | D:7      | Found a flagged portal.
  5601 | Bailey   | Entered a bailey
  5782 | Bailey   | Reached skill level 5 in Earth Magic
  5836 | Bailey   | Reached XP level 9. HP: 60/69 MP: 12/12
  5836 | Bailey   | Noticed Prince Ribbit
  5840 | Bailey   | Noticed a vault guard
  5862 | Bailey   | Killed a vault guard
  5872 | Bailey   | Mangled by Prince Ribbit

Illustrated notes

Levels and vault maps discovered:
D:1:      lemuel_arrival_broad_hall, layout_basic
D:2:      minmay_chambers_of_ones, layout_basic, serial_shops, shop, shop,
          nicolae_shop_overgrown_old_shop, shop
D:3:      layout_loops_corners, gammafunk_ghost_smash, kennysheep_pointless_box
D:4:      layout_loops_ring, minmay_temple_entry_junction_2
D:5:      layout_rooms, general_overflow_altar, minmay_misc_feat_four_crosses
D:6:      layout_gridville, nemelex_diamond_rough_becter,
          mainiacjoe_overflow_cross_hatched, mainiacjoe_overflow_tiny_flanked,
          mainiacjoe_overflow_surrounded_room
D:7:      layout_gridville, mainiacjoe_overflow_concentric_impassable,
          chequers_temple_overflow_statue_of_worship,
          ebering_ghost_reflecting_pool, enter_bailey_5,
          nicolae_shop_vocational, uniq_menkaure
Temple:   hellmonk_temple_flake
Bailey:   bailey_axe_froggy_fort_hellmonk, bailey

Skill      XL: |  1  2  3  4  5  6  7  8  9 |
---------------+----------------------------+-----
Dodging        | 2 3 4 5 6 |  6.4
Necromancy     | 1 2 3 4 6 7 |  7.2
Earth Magic    | 1 2 3 4 5 6 |  6.0
Fighting       | 3 4 5 6 7 |  7.0
Polearms       | |  2.6
Spellcasting   | |  2.0
Conjurations   | |  3.0

Action                   |  1- 3 |  4- 6 |  7- 9 || total
-------------------------+-------+-------+-------++-------
Melee: Spear             |   128 |    86 |   133 ||   347
       Touch             |     8 |    26 |    21 ||    55
       Trident           |       |    60 |       ||    60
       Punch             |       |       |     1 ||     1
 Cast: Kiss of Death     |     1 |       |     2 ||     3
       Hailstorm         |       |       |     1 ||     1
  Use: Scroll            |     3 |     9 |    10 ||    22
       Potion            |     1 |       |     3 ||     4
 Stab: Paralysed         |       |       |     1 ||     1
Armor: Leather armour    |    31 |    19 |    10 ||    60
Dodge: Dodged            |    68 |    53 |    90 ||   211

Table legend: (Time is in decaauts)
 A = Elapsed time spent in this place.
 B = Non-inter-level travel time spent in this place.
 C = Inter-level travel time spent in this place.
 D = Time resting spent in this place.
 E = Time spent auto-exploring this place.
 F = Levels seen in this place.
 G = Mean time per level.
                   A        B        C        D        E       F      G
               +--------+--------+--------+--------+--------+-----+--------+
         Total |   5879 |   5460 |    419 |    794 |   3455 |   9 |  653.2 |
       Dungeon |   5404 |   4985 |    419 |    643 |   3266 |   7 |  772.0 |
        Temple |    202 |    202 |      0 |      0 |    168 |   1 |  202.0 |
        Bailey |    271 |    271 |      0 |    151 |     21 |   1 |  271.0 |
               +--------+--------+--------+--------+--------+-----+--------+

Top non-repeatable levels by time:
     D:2: 1249 daAuts
     D:3: 1062 daAuts
     D:6: 903 daAuts
     D:5: 812 daAuts
     D:4: 700 daAuts
     D:1: 573 daAuts
  Bailey: 271 daAuts
  Temple: 202 daAuts
     D:7: 101 daAuts
